 Dungeon Crawl Stone Soup version 0.28-a0-655-g4eb62b627b (webtiles) character file.

Game seed: 14072360747014873007

634 omnomnOMINOUS the Skirmisher (level 7, -3/49 HPs)
             Began as an Octopode Wanderer on Oct 11, 2021.
             Was a Believer of Fedhas.
             Slain by Edmund (8 damage)
             ... on level 4 of the Dungeon on Oct 12, 2021.
             The game lasted 00:07:27 (4832 turns).

omnomnOMINOUS the Skirmisher (Octopode Wanderer)    Turns: 4832, Time: 00:07:29

Health: -3/49      AC:  1    Str: 14    XL:     7   Next: 49%
Magic:  19/19      EV: 13    Int: 15    God:    Fedhas [**....]
Gold:   148        SH:  4    Dex: 10    Spells: 8/10 levels left

rFire   . . .      SeeInvis .   a - +2 short sword
rCold   . . .      Faith    .   c - +0 buckler
rNeg    . . .      Spirit   .   (helmet restricted)
rPois   .          Reflect  .   (no amulet)
rElec   .          Harm     .   o - ring of magical power
rCorr   .          Rampage  .   (no ring)
Will    .....                   (no ring)
Stlth   +++.......              (no ring)
HPRegen 0.16/turn               (no ring)
MPRegen 0.16/turn               (no ring)
                                (no ring)
                                (no ring)

@: wereblooded
A: almost no armour, amphibious, 8 rings, camouflage 1, gelatinous body 1,
(nimble swimmer 1), tentacles
a: Renounce Religion, Wall of Briars


You were on level 4 of the Dungeon.
You worshipped Fedhas.
Fedhas was pleased with you.
You visited 1 branch of the dungeon, and saw 4 of its levels.

You collected 148 gold pieces.

Inventory:

Hand Weapons
 a - a +2 short sword (weapon)
 b - a +0 spear
Missiles
 u - a throwing net (quivered)
Armour
 c - a +0 buckler (worn)
Magical Staves
 l - a staff of fire
Jewellery
 o - a ring of magical power (left tentacle)
Wands
 q - a wand of polymorph (10)
Scrolls
 g - 3 scrolls of teleportation
 j - a scroll of holy word {unknown}
 k - 2 scrolls of magic mapping
 p - a scroll of amnesia {unknown}
 r - a scroll of noise {unknown}
 s - a scroll of fear {unknown}
Potions
 d - a potion of might
 f - a potion of attraction
 h - a potion of curing
 i - a potion of invisibility {unknown}
 m - a potion of degeneration {unknown}
 n - a potion of berserk rage {unknown}
 t - a potion of brilliance


   Skills:
 + Level 4.6 Fighting
 - Level 1.0 Short Blades
 - Level 1.0 Throwing
 + Level 3.9 Dodging
 - Level 2.6 Stealth
 + Level 3.5 Shields
 - Level 2.0 Spellcasting
 - Level 4.0 Transmutations


You had 8 spell levels left.
You knew the following spells:

 Your Spells              Type           Power      Damage    Failure   Level
a - Wereblood             Tmut           13%        N/A       7%          2

Your spell library contained the following spells:

 Spells                   Type           Power      Damage    Failure   Level
 Sublimation of Blood     Necr           0%         N/A       34%         2
 Summon Hydra             Summ           0%         N/A       100%        7


Dungeon Overview and Level Annotations

Branches:
Dungeon (4/15)
 Temple: D:4-7

Altars:
Fedhas

Shops:
D:1 =

Annotations:
D:4 Duvessa, Edmund


Innate Abilities, Weirdness & Mutations

You cannot wear most types of armour.
You are amphibious.
You can wear up to eight rings at the same time.
Your skin changes colour to match your surroundings (Stealth+).
Your rubbery body absorbs attacks. (AC +1, EV +1)
((You are camouflaged near water. (Stealth+)))
You have tentacles for arms and can constrict up to eight enemies at once.


Message History

Your primal bloodlust has ended.
You see here a scarf of harm.
Casting: Wereblood (safe; 7% risk of failure)
Confirm with . or Enter, or press ? or * to list all spells.
Your blood is infused with primal strength.
Edmund shouts!
You see here a scarf of harm.
Edmund hits you with a +2 flail of holy wrath!
You closely miss Edmund. Your grab misses Edmund.
Edmund hits you with a +2 flail of holy wrath.
You hit Edmund but do no damage. Your grab misses Edmund.
Your squeeze misses Edmund. You block Edmund's attack.
You barely miss Edmund. You grab Edmund. You constrict Edmund.
Edmund barely misses you.
You hit Edmund but do no damage.
Edmund is lightly wounded.
You constrict Edmund. Edmund barely misses you.
You hit Edmund but do no damage. You squeeze Edmund, but do no damage.
Edmund is lightly wounded.
You constrict Edmund.
Edmund hits you with a +2 flail of holy wrath.
You hit Edmund.
Edmund is moderately wounded.
You constrict Edmund. You block Edmund's attack.
You hit Edmund but do no damage.
Edmund is heavily wounded.
You constrict Edmund.
Edmund hits you with a +2 flail of holy wrath.
You hit Edmund but do no damage. You squeeze Edmund.
Edmund is heavily wounded.
You constrict Edmund.
Edmund hits you with a +2 flail of holy wrath!
You hit Edmund but do no damage.
Edmund is heavily wounded.
You constrict Edmund, but do no damage.
Edmund hits you with a +2 flail of holy wrath!
* * * LOW HITPOINT WARNING * * *
Edmund hits you with a +2 flail of holy wrath!
You die...
Fedhas appreciates your contribution to the ecosystem.

#. #.# #.# .. #.# #.#
.# #.# #.# .# #.#
###.# .# #.# ###
#...# .# #.# #$#
##### .# #.# #.#
)#####.# #@#
<......#########@##.#
.#####.........[....#
.# #######.########
.# #.# .# #.# .# #.#
.# #.# ## #.# #.#


You could see Edmund.

Vanquished Creatures
  Sigmund (D:4)
  A centaur (D:3)
  A scorpion (D:3)
  A water moccasin skeleton (D:4)
  A jelly (D:4)
  An orc priest (D:4)
  An iguana (D:2)
  3 orc wizards
  A howler monkey zombie (D:3)
  3 adders (D:2)
  An ufetubus (D:4)
  2 dart slugs (D:2)
  10 orcs
  5 ball pythons
  6 endoplasms
  2 giant cockroaches
  4 goblins
  A hobgoblin (D:2)
  10 jackals
  9 kobolds
  2 quokkas
  A bat (D:1)
  2 frilled lizards
  5 rats
74 creatures vanquished.

Vanquished Creatures (others)
  3 fungi (D:4)
3 creatures vanquished.

Grand Total: 77 creatures vanquished

Notes
Turn   | Place    | Note
-------+----------+-------------------------------------------
     0 | D:1      | omnomnOMINOUS the Octopode Wanderer began the quest for the
                  | Orb.
     0 | D:1      | omnomnOMINOUS set off with the following items: a +2 short
                  | sword, a +0 spear, a +0 buckler, a +0 dagger
     0 | D:1      | Reached XP level 1. HP: 16/16 MP: 1/1
   291 | D:1      | Reached XP level 2. HP: 21/21 MP: 2/2
   387 | D:1      | Found Xeibyfept's Jewellery Shop.
  1148 | D:2      | Learned a level 2 spell: Wereblood
  1386 | D:2      | Reached skill level 1 in Spellcasting
  1386 | D:2      | Reached XP level 3. HP: 20/26 MP: 4/4
  1504 | D:2      | Found a faded altar of an unknown god.
  1512 | D:2      | Prayed at the altar of an unknown god.
  1512 | D:2      | Became a worshipper of Fedhas Madash
  1512 | D:2      | Reached * piety under Fedhas
  1525 | D:2      | Reached skill level 1 in Transmutations
  1761 | D:2      | Upgraded the game from 0.28-a0-653-g7e9dba17c3 to
                  | 0.28-a0-655-g4eb62b627b
  1819 | D:2      | Reached XP level 4. HP: 31/31 MP: 5/5
  2405 | D:3      | Reached XP level 5. HP: 23/36 MP: 7/7
  3254 | D:3      | Noticed a centaur
  3260 | D:3      | Killed a centaur
  3261 | D:3      | Reached XP level 6. HP: 25/43 MP: 9/9
  3323 | D:3      | Reached ** piety under Fedhas
  3765 | D:4      | Noticed Duvessa
  3791 | D:4      | Noticed Sigmund
  4270 | D:4      | Killed Sigmund
  4271 | D:4      | Reached XP level 7. HP: 42/49 MP: 10/10
  4441 | D:4      | Noticed Edmund
  4832 | D:4      | Slain by Edmund

Illustrated notes

Levels and vault maps discovered:
D:1:      minmay_arrival_semitransparent, layout_loops_corners, serial_shops,
          shop_statue
D:2:      layout_basic, ebering_ecumenical_altar_ruins,
          kennysheep_generic_room_7
D:3:      layout_basic
D:4:      layout_loops_ring, mainiacjoe_overflow_surrounded_room, uniq_edmund,
          uniq_duvessa, uniq_crazy_yiuf_cottage, uniq_sigmund

Skill      XL: |  1  2  3  4  5  6  7 |
---------------+----------------------+-----
Spellcasting   | 1 2 |  2.0
Transmutations | 1 3 4 |  4.0
Shields        | 2 3 |  3.5
Fighting       | 4 |  4.6
Dodging        | 3 |  3.9
Short Blades   | |  1.0
Throwing       | |  1.0
Stealth        | |  2.6

Action                   |  1- 3 |  4- 6 |  7- 9 || total
-------------------------+-------+-------+-------++-------
Melee: Short sword       |    63 |    86 |    46 ||   195
       Constrict         |    14 |    14 |     8 ||    36
       Tentacles         |     5 |    16 |    10 ||    31
 Cast: Wereblood         |       |     1 |     3 ||     4
  Use: Scroll            |       |       |     4 ||     4
       Potion            |       |       |     2 ||     2
 Stab: Sleeping          |     7 |     6 |       ||    13
Armor: Skin              |     3 |     3 |     2 ||     8
Dodge: Dodged            |    31 |    57 |    19 ||   107
Block: Buckler           |     5 |    16 |     8 ||    29

Table legend: (Time is in decaauts)
 A = Elapsed time spent in this place.
 B = Non-inter-level travel time spent in this place.
 C = Inter-level travel time spent in this place.
 D = Time resting spent in this place.
 E = Time spent auto-exploring this place.
 F = Levels seen in this place.
 G = Mean time per level.
                   A        B        C        D        E       F      G
               +--------+--------+--------+--------+--------+-----+--------+
         Total |   4851 |   4734 |    117 |    936 |   3149 |   4 | 1212.8 |
       Dungeon |   4851 |   4734 |    117 |    936 |   3149 |   4 | 1212.8 |
               +--------+--------+--------+--------+--------+-----+--------+

Top non-repeatable levels by time:
     D:3: 1860 daAuts
     D:1: 1121 daAuts
     D:2: 1106 daAuts
     D:4: 762 daAuts
